 Dungeon Crawl Stone Soup version 0.29.0-4-gdea44cf6ec (webtiles) character file.

Game seed: 3255006601030758048

459 Flugkiller the Chopper (level 6, -13/56 HPs)
             Began as a Minotaur Fighter on Aug 27, 2022.
             Was a Believer of Lugonu.
             Mangled by an ogre
             ... wielding a +0 giant club
              (27 damage)
             ... on level 5 of the Dungeon.
             The game lasted 00:01:38 (4105 turns).

Flugkiller the Chopper (Minotaur Fighter)           Turns: 4105, Time: 00:01:39

Health: -13/56     AC:  7    Str: 20    XL:     6   Next: 78%
Magic:  6/6        EV:  9    Int:  5    God:    Lugonu [**....]
Gold:   275        SH:  4    Dex: 12    Spells: 5/5 levels left

rFire   . . .      SeeInvis .   a - +0 war axe
rCold   . . .      Faith    .   c - +0 buckler
rNeg    . . .      Spirit   .   b - +0 scale mail
rPois   .          Reflect  .   (helmet restricted)
rElec   .          Harm     .   (no cloak)
rCorr   .          Rampage  .   (no gloves)
Will    .....                   (no boots)
Stlth   ..........              (no amulet)
HPRegen 0.18/turn               (no ring)
MPRegen 0.10/turn               (no ring)

@: no status effects
A: horns 2, retaliatory headbutt
a: Renounce Religion, Depart the Abyss, Bend Space


You were on level 5 of the Dungeon.
You worshipped Lugonu.
Lugonu was pleased with you.
You visited 1 branch of the dungeon, and saw 5 of its levels.

You collected 275 gold pieces.

Inventory:

Hand Weapons
 a - a +0 war axe (weapon)
Missiles
 o - 4 boomerangs (quivered)
Armour
 b - a +0 scale mail (worn)
 c - a +0 buckler (worn)
Scrolls
 e - 6 scrolls of identify {unknown}
 f - a scroll of blinking {unknown}
 k - 2 scrolls of magic mapping {unknown}
 m - a scroll of teleportation {unknown}
 r - a scroll of amnesia {unknown}
 t - a scroll of enchant armour {unknown}
 u - a scroll of noise {unknown}
Potions
 d - 2 potions of might
 g - a potion of lignification {unknown}
 h - a potion of magic {unknown}
 i - 2 potions of flight {unknown}
 j - a potion of berserk rage {unknown}
 l - a potion of mutation {unknown}
 n - a potion of brilliance
 p - a potion of ambrosia {unknown}
 s - 2 potions of heal wounds {unknown}


   Skills:
 + Level 5.3 Fighting
 * Level 6.2 Axes
 + Level 5.3 Armour
 - Level 3.6 Shields
 + Level 2.2 Invocations


You had 5 spell levels left.
You didn't know any spells.
Your spell library was empty.

Dungeon Overview and Level Annotations

Branches:
Dungeon (5/15)
 Temple: D:4-7

Altars:
Ashenzari
Cheibriados
Okawaru
Qazlal
The Shining One
Lugonu

Shops:
D:4 :


Innate Abilities, Weirdness & Mutations

You have a pair of horns on your head.
You reflexively headbutt those who attack you in melee.


Message History

You barely miss something. The adder bites you.
You are poisoned.
The adder poisons you! Something hits you but does no damage.
You barely miss the adder.
The adder is heavily wounded.
You hit something but do no damage.
You feel sick. The adder closely misses you.
Something hits you but does no damage. The adder bites you.
You barely miss the adder.
You headbutt the adder, but do no damage.
The adder is heavily wounded.
You miss something.
You feel sick.
You hear some strange, mumbled words.
You are confused.
The adder bites you but does no damage.
You are too confused!
You are too confused!
You are too confused!
You are too confused!
You are too confused!
You miss something. You hit the adder.
You feel sick. The adder bites you. Something hits you.
The adder barely misses you. Something hits you but does no damage.
Something hits you but does no damage.
You feel sick.
You are no longer poisoned.
Something hits you but does no damage. The adder attacks as you move away!
The adder bites you but does no damage. Something hits you.
The adder bites you but does no damage.
You completely miss the adder. Your headbutt misses the adder.
The adder is severely wounded.
You closely miss something.
You feel less confused. You block the adder's attack. Something hits you.
You closely miss the adder.
The adder is severely wounded.
You hit something but do no damage. The adder completely misses you.
Something hits you but does no damage. The adder bites you but does no damage.
You miss the adder.
The adder is severely wounded.
You closely miss something. The adder bites you. Something hits you.
The adder bites you.
You hit the adder.
You kill the adder!
Lugonu accepts your kill.
You hit something.
Something hits you but does no damage. x2
Something hits you. Something hits you but does no damage.
Items here: )) [ †.
You hit something. You headbutt something. Something hits you.
You hit something but do no damage. Something hits you.
You barely miss something.
You hear some strange, mumbled words.
A puff of flame appears from out of thin air!
The puff of flame hits you!
* * * LOW HITPOINT WARNING * * *
You hear some strange, mumbled words.
You are confused.
Something hits you but does no damage.
Things that are here:
a +0 dagger; a +0 leather armour; an orc corpse Something hits you but does no damage.
Something hits you but does no damage.
You hear a distant slurping noise.
There is a fountain of sparkling water here.
You hear some strange, mumbled words.
A puff of flame appears from out of thin air!
The puff of flame misses you.
You're too confused to move!
Something hits you but does no damage.
You completely miss something.
You hear some strange, mumbled words.
A puff of flame appears from out of thin air!
The puff of flame hits you.
* * * LOW HITPOINT WARNING * * *
You feel less confused.
You feel better.
An orc wizard appears from thin air!
Reactivating autopickup.
The orc wizard hits you but does no damage.
You barely miss the orc wizard.
The orc wizard is heavily wounded.
The orc wizard hits you but does no damage.
You slash the orc wizard!
You kill the orc wizard!
Lugonu accepts your kill.
Things that are here:
a +0 dagger; a +0 robe You start resting.
An ogre comes into view. It is wielding a +0 giant club.
An ogre is nearby!
An ogre is nearby!
An ogre is nearby!
The ogre shouts!
You hit the ogre but do no damage. The ogre hits you with a +0 giant club!
* * * LOW HITPOINT WARNING * * *
You slash the ogre! You headbutt the ogre!
The ogre is severely wounded.
The ogre closely misses you. You furiously retaliate!
You headbutt the ogre. You closely miss the ogre. You headbutt the ogre.
The ogre is almost dead.
The ogre hits you with a +0 giant club!!
You die...

##......'###+##
#..[..........#
##.............#
#..............#
######._..⌠.._......#
#....#...))..........
#....##..).).........
#....##..............
#....###...@.........
######....###...O.........
...#..##...............###
.......'...............#
.......#...............#
.......#...............#
'####..#...............#
...##..#...............#
...##+##....####.....#


You could see an ogre.

Vanquished Creatures
  An ogre (D:4)
  A scorpion (D:5)
  A necrophage (D:4)
  A jelly (D:4)
  2 iguanas
  An orc wizard (D:5)
  5 adders
  3 gnolls (D:2)
  2 dart slugs (D:4)
  6 orcs
  4 ball pythons
  5 endoplasms
  4 giant cockroaches
  4 hobgoblins
  6 jackals
  3 quokkas
  4 bats
  4 frilled lizards
  5 goblins
  7 kobolds
  2 rats
71 creatures vanquished.

Notes
Turn   | Place    | Note
-------+----------+-------------------------------------------
     0 | D:1      | Flugkiller the Minotaur Fighter began the quest for the
                  | Orb.
     0 | D:1      | Reached XP level 1. HP: 19/19 MP: 0/0
     0 | D:1      | Noticed an ice dragon
     1 | D:1      | Noticed a large abomination
     3 | D:1      | Noticed a tentacled monstrosity
     3 | D:1      | Noticed an iron dragon
     6 | D:1      | Noticed an ice dragon
     7 | D:1      | Noticed a shadow dragon
    11 | D:1      | Noticed a tentacled monstrosity
    13 | D:1      | Noticed a yellow draconian
    15 | D:1      | Noticed an orb of fire
    15 | D:1      | Noticed a golden dragon
    15 | D:1      | Noticed a shadow dragon
    17 | D:1      | Noticed a shadow dragon
    17 | D:1      | Noticed a large abomination
    17 | D:1      | Noticed an orb of fire
    19 | D:1      | Noticed a red draconian
    21 | D:1      | Noticed an orb of fire
   100 | D:1      | Reached skill level 3 in Axes
   100 | D:1      | Reached XP level 2. HP: 13/27 MP: 1/1
   896 | D:1      | Found a faded altar of an unknown god.
  1107 | D:1      | Prayed at the altar of an unknown god.
  1107 | D:1      | Became a worshipper of Lugonu the Unformed
  1107 | D:1      | Reached * piety under Lugonu
  1107 | D:1      | Reached ** piety under Lugonu
  1251 | D:2      | Reached XP level 3. HP: 33/33 MP: 2/2
  1560 | D:2      | Reached skill level 4 in Axes
  1563 | D:2      | Reached XP level 4. HP: 12/41 MP: 3/3
  2106 | D:3      | Found a broken altar of Ashenzari.
  2281 | D:3      | Found an iron altar of Okawaru.
  2348 | D:3      | Identified the +6 dagger of the Sea {vorpal, rCorr Int-3
                  | Dex+2}
  2775 | D:4      | Noticed a necrophage
  2781 | D:4      | Killed a necrophage
  2782 | D:4      | Reached skill level 5 in Axes
  2782 | D:4      | Reached skill level 1 in Invocations
  2782 | D:4      | Reached XP level 5. HP: 40/47 MP: 4/4
  3069 | D:4      | Noticed an ogre
  3077 | D:4      | Killed an ogre
  3078 | D:4      | Reached skill level 5 in Fighting
  3078 | D:4      | Reached XP level 6. HP: 24/56 MP: 4/6
  3324 | D:4      | Reached skill level 5 in Armour
  3602 | D:4      | Found Billolinn's Book Shop.
  3647 | D:4      | Found a snail-covered altar of Cheibriados.
  3718 | D:5      | Entered Level 5 of the Dungeon
  3738 | D:5      | Reached skill level 6 in Axes
  3989 | D:5      | Found a stormy altar of Qazlal.
  3991 | D:5      | Found a glowing golden altar of the Shining One.
  4105 | D:5      | Mangled by an ogre

Illustrated notes

Levels and vault maps discovered:
D:1:      shiori_arrival_whats_in_store_for_you, layout_loops_ring,
          shapermc_ecumenical_altar_hornbeckon, serial_bayou,
          serial_bayou_ford_a, serial_bayou_pond_d, serial_bayou_shore_b
D:2:      layout_basic
D:3:      layout_basic, mainiacjoe_overflow_tiny_flanked, general_overflow_altar
D:4:      layout_loops_cross, marbit_many_paths, serial_shops,
          kennysheep_little_box, nrook_mini_vaults, grunt_tough_drop
D:5:      layout_gridville, grunt_temple_overflow_open, minmay_temple_entry_grid

Skill      XL: |  1  2  3  4  5  6 |
---------------+-------------------+-----
Axes           | 3 4 5 6 |  6.2
Fighting       | 4 5 |  5.3
Armour         | 4 5 |  5.3
Invocations    | 1 2 |  2.2
Shields        | |  3.6

Action                   |  1- 3 |  4- 6 || total
-------------------------+-------+-------++-------
Melee: War axe           |    84 |   102 ||   186
       Headbutt          |     6 |    19 ||    25
  Use: Potion            |       |     3 ||     3
Armor: Scale mail        |    44 |    53 ||    97
Dodge: Dodged            |    61 |    51 ||   112
Block: Buckler           |    23 |    23 ||    46
